 Dungeon Crawl Stone Soup version 0.22-a0-283-g1871b15 (webtiles) character file.

54 matakusis the Caller (level 3, -1/19 HPs)
             Began as a Deep Elf Summoner on Mar 19, 2018.
             Slain by a goblin
             ... wielding a cursed -1 club
             ... led by Robin
              (4 damage)
             ... on level 3 of the Dungeon.
             The game lasted 00:06:24 (1199 turns).

matakusis the Caller (Deep Elf Summoner)            Turns: 1199, Time: 00:06:26

Health: -1/19      AC:  2    Str: 10    XL:     3   Next: 66%
Magic:  6/10       EV: 18    Int: 20    God:
Gold:   99         SH:  0    Dex: 22    Spells: 7/10 levels left

rFire    . . .     SeeInvis .   (no weapon)
rCold    . . .     Gourm    .   (no shield)
rNeg     . . .     Faith    .   a - +0 robe
rPois    .         Spirit   .   (no helmet)
rElec    .         Reflect  .   (no cloak)
rCorr    .         Harm     .   (no gloves)
MR       .....                  (no boots)
Stlth    ++++......             (no amulet)
HPRegen  0.06/turn              (no ring)
MPRegen  0.12/turn              (no ring)

@: mighty, agile
A: thin skeletal structure 1, evolution 1
a: no special abilities


You were on level 3 of the Dungeon.
You were not hungry.

You visited 1 branch of the dungeon, and saw 3 of its levels.

You collected 99 gold pieces.

Inventory:

Armour
 a - a +0 robe (worn)
Potions
 e - a potion of agility
Comestibles
 c - 4 rations


   Skills:
 - Level 2.4 Dodging
 - Level 2.4 Stealth
 + Level 4.2 Spellcasting
 + Level 5.3 Summonings


You had 7 spell levels left.
You knew the following spells:

 Your Spells              Type           Power        Failure   Level  Hunger
a - Summon Small Mammal   Summ           ####         1%          1    None
b - Call Imp              Summ           ####....     1%          2    #......


Dungeon Overview and Level Annotations

Branches:
Dungeon (3/15)

Altars:
Uskayaw

Annotations:
D:3 Robin


Innate Abilities, Weirdness & Mutations

You have a somewhat thin skeletal structure. (Dex +2, Stealth)
You evolve.


Message History

The hobgoblin dies!
The goblin barely misses you.
Okay, then.
You aren't carrying any scrolls.
What are your orders? t - Shout!
Orders for allies: a - Attack new target. r - Retreat! s - Stop attacking. g - Guard the area. f - Follow me.
Anything else - Cancel.
Gang up on whom?
Press: ? - help, Dir - move target cursor, f - Robin
Aim: Robin, wielding a spear, wearing a runed animal skin and wearing a helmet (heavily wounded) Attack!
Your white imp disappears in a puff of smoke!
Robin roars a battlecry!
The hobgoblin goes into a battle-frenzy!
The hobgoblin closely misses your crimson imp.
The goblin hits you with a club.
You die...

.# ..# #####..###
##gg@#<...#
.#####.!ggg5....#
.......5.gg§.....
..........5......
####..<.g.......
##..........#
##...##...##
##### ####


You could see Robin, 2 hobgoblins, 5 goblins and 3 friendly crimson imps.

Vanquished Creatures
  An ooze (D:1)
  A hobgoblin (D:3)
2 creatures vanquished.

Vanquished Creatures (collateral kills)
  An iguana (D:2)
  A gnoll (D:2)
  2 adders (D:2)
  2 dart slugs
  7 goblins
  7 hobgoblins
  4 jackals (D:1)
  A quokka (D:2)
  A ball python (D:2)
  3 bats (D:1)
  2 frilled lizards
  3 kobolds
34 creatures vanquished.

Grand Total: 36 creatures vanquished

Notes
Turn   | Place    | Note
-------+----------+-------------------------------------------
     0 | D:1      | matakusis the Deep Elf Summoner began the quest for the Orb.
     0 | D:1      | Reached XP level 1. HP: 10/10 MP: 6/6
     2 | D:1      | Noticed a vine stalker
     2 | D:1      | Noticed a centaur
     4 | D:1      | Noticed an elf
     4 | D:1      | Noticed a tengu
     6 | D:1      | Noticed a merfolk
     8 | D:1      | Noticed a formicid
     8 | D:1      | Noticed a spriggan
    10 | D:1      | Noticed a minotaur
    10 | D:1      | Noticed a halfling
    13 | D:1      | Noticed a naga
    15 | D:1      | Noticed an ogre
    15 | D:1      | Noticed a felid
    17 | D:1      | Noticed a vampire
    19 | D:1      | Noticed a ghoul
    19 | D:1      | Noticed an octopode
    21 | D:1      | Noticed a human
    21 | D:1      | Noticed a gargoyle
    23 | D:1      | Noticed a dwarf
    23 | D:1      | Noticed a troll
    25 | D:1      | Noticed a draconian
    27 | D:1      | Noticed a demigod
    27 | D:1      | Noticed a demonspawn
   203 | D:1      | Reached XP level 2. HP: 15/15 MP: 4/8
   411 | D:1      | Reached skill level 5 in Summonings
   655 | D:2      | Found a hide-covered altar of Uskayaw.
   779 | D:2      | Learned a level 2 spell: Call Imp
   803 | D:2      | Reached XP level 3. HP: 18/19 MP: 0/10
  1065 | D:2      | Gained mutation: You have a somewhat thin skeletal structure. (Dex +2, Stealth) [potion of mutation]
  1065 | D:2      | Gained mutation: You evolve. [potion of mutation]
  1078 | D:3      | Noticed Robin
  1199 | D:3      | Slain by a goblin

Vault maps used:
D:1:      kb_arrival_jail
D:2:      eat_drink_and_be_merry_uskayaw, st_stairs_9, minivault_11
D:3:      makhleb_blood_cavern_becter, first_ration, uniq_jessica, uniq_grinder,
          uniq_robin

Skill      XL: |  1  2  3 |
---------------+----------+-----
Summonings     | 5 |  5.3
Spellcasting   | 4 |  4.2
Dodging        | |  2.4
Stealth        | |  2.4

Action                   || total
-------------------------++-------
Melee: Unarmed           ||     4
 Cast: Summon Small Mamm ||    43
       Call Imp          ||    17
  Use: Scroll            ||     5
       Potion            ||     5
 Stab: Sleeping          ||     1
  Eat: Chunk             ||     1
Armor: Robe              ||     3
Dodge: Dodged            ||    37

Table legend:
 A = Spawn XP
 B = Non-spawn XP
 C = Spawn XP percentage of total XP
 D = Spawn monster count
 E = Non-spawn monster count
 F = Spawn count percentage of total count
 G = Total turns spent on level
                    A         B        C        D         E        F      G
               +---------+---------+-------+---------+---------+-------+---------
         Total |       0 |      78 |   0.0 |       0 |      36 |   0.0 |  1199
               +---------+---------+-------+---------+---------+-------+---------
           D:1 |       0 |      23 |   0.0 |       0 |      18 |   0.0 |   646
           D:2 |       0 |      50 |   0.0 |       0 |      14 |   0.0 |   535
           D:3 |       0 |       5 |   0.0 |       0 |       4 |   0.0 |    18
               +---------+---------+-------+---------+---------+-------+---------
